 Dungeon Crawl Stone Soup version 0.31-a0-496-g6f97920a28 (webtiles) character file.

Game seed: 968848820838190977

86 javelincjr the Changeling (level 4, -2/34 HPs)
             Began as a Demonspawn Shapeshifter on Aug 8, 2023.
             Was a Believer of Wu Jian.
             Shot with a sling bullet by a gnoll (7 damage)
             ... on level 2 of the Dungeon.
             The game lasted 00:06:17 (2051 turns).

javelincjr the Changeling (Demonspawn Shapeshifter) Turns: 2051, Time: 00:06:17

Health: -2/34      AC:  2    Str: 18      XL:     4   Next: 26%
Magic:  13/13      EV: 12    Int:  8 (9)  God:    Wu Jian [**....]
Gold:   94         SH:  0    Dex: 13      Spells: 3/3 levels left

rFire   . . .        f - +0 spear
rCold   . . .        g - orb {light}
rNeg    . . .        a - +0 animal skin
rPois   .            (helmet currently unavailable)
rElec   .            (cloak currently unavailable)
rCorr   .            (gloves currently unavailable)
SInv    .            (boots currently unavailable)
Will    .....        (no amulet)
Stlth   +            e - ring of flight
HPRegen 0.25/turn    q - ring of magical power
MPRegen 0.13/turn

%: no passive effects
@: beast-form, flying, glowing
A: beast (slay +2), foul stench 1
a: Begin Untransformation, Renounce Religion, Wall Jump


You were on level 2 of the Dungeon.
You worshipped Wu Jian.
Wu Jian was pleased with you.
You were a hulking beast.
You visited 1 branch of the dungeon, and saw 2 of its levels.

You collected 94 gold pieces.

Inventory:

Hand Weapons
 f - a +0 spear (weapon)
Armour
 a - a +0 animal skin (worn)
 g - an orb of light (worn)
 j - a +0 scale mail
 k - a +0 pair of boots
Jewellery
 e - a ring of flight (left hand)
 q - a ring of magical power (right hand)
Talismans
 c - a beast talisman (active)
 d - a flux talisman
 p - a serpent talisman
Scrolls
 h - a scroll of teleportation {unknown}
 l - a scroll of blinking {unknown}
 m - a scroll of enchant weapon {unknown}
 n - 3 scrolls of revelation {unknown}
 o - a scroll of identify {unknown}
Potions
 i - 2 potions of heal wounds {unknown}
 r - a potion of curing {unknown}


   Skills:
 * Level 2.4 Fighting
 + Level 2.3 Dodging
 + Level 3.1 Unarmed Combat
 * Level 3.2 Shapeshifting


You had 3 spell levels left.
You didn't know any spells.
Your spell library contained the following spells:

 Spells                   Type           Power      Damage    Failure   Level
 Summon Small Mammal      Summ           0%         N/A       41%         1
 Call Canine Familiar     Summ           0%         N/A       78%         3
 Summon Guardian Golem    Hex/Summ       0%         N/A       78%         3


Dungeon Overview and Level Annotations

Branches:
Dungeon (2/15)

Altars:
Wu Jian


Innate Abilities, Weirdness & Mutations

You are a hulking beast.
Your limbs bulge with bestial killing power. (Slay +2)
You may rarely emit foul miasma when damaged in melee.


Message History

The gnoll shoots a sling bullet.
The sling bullet hits you!
The gnoll shoots a sling bullet.
The sling bullet hits you.
You are too injured to fight recklessly!
You are too injured to fight recklessly!
You are too injured to fight recklessly!
Okay, then.
Throw: 3 darts (poison)
Press: ? - help, Q - select action, (/) - cycle Shift-Dir - straight line, f - gnoll, p - gnoll
Aim: a gnoll, wielding a +0 spear (61% to hit)
You throw a poisoned dart. The poisoned dart hits the gnoll.
The gnoll is severely wounded.
The gnoll shoots a sling bullet.
The sling bullet hits you.
Throw: 2 darts (poison)
Press: ? - help, Q - select action, (/) - cycle Shift-Dir - straight line, f - gnoll
Aim: a gnoll, wielding a +0 halberd (moderately wounded, haloed, 81% to hit)
You throw a poisoned dart.
The poisoned dart barely misses the gnoll.
The poisoned dart hits the gnoll.
The gnoll is poisoned.
The gnoll is moderately wounded.
The gnoll shoots a sling bullet.
The sling bullet completely misses you.
Throw: dart (poison)
Press: ? - help, Q - select action, (/) - cycle Shift-Dir - straight line, f - gnoll, p - gnoll
Aim: a gnoll, wielding a +0 spear (61% to hit)
You throw a poisoned dart. The poisoned dart hits the gnoll.
The gnoll is poisoned.
The gnoll is severely wounded.
The gnoll attacks as you move away!
The gnoll unwields a +0 sling.
The gnoll wields a +0 flail.
The gnoll hits you with a +0 flail!
* * * LOW HITPOINT WARNING * * *
The gnoll looks more healthy.
The gnoll unwields a +0 flail.
The gnoll wields a +0 sling.
The gnoll shoots a sling bullet.
The sling bullet hits you.
* * * LOW HITPOINT WARNING * * *
The gnoll shoots a sling bullet.
The sling bullet barely misses you. The Council accepts your kill.
You feel a bit more experienced.
You feel your strength returning.
The gnoll shoots a sling bullet.
The sling bullet barely misses you.
The gnoll shoots a sling bullet.
The sling bullet hits you!
You die...

..# ##.......##
(# #.# ##.....##
##(# #.# ##...##
#g.# ..# ##'## #
#g# ### #.#
#.##g####.# #####
#.# #.........#
.<..# ##.##
####.###### #.#.#
##...##########g#
#.#.#
#...#....h......#
#.#.#
##...############
#.#.# ##..#
#.#.#######.#
#...........#
....#########
#####


You could see a gnoll.

Vanquished Creatures
  A gnoll (D:2)
  4 adders (D:2)
  A dart slug (D:2)
  An endoplasm (D:1)
  2 giant cockroaches
  4 goblins (D:2)
  4 hobgoblins (D:2)
  3 jackals (D:2)
  6 ball pythons
  5 bats
  3 frilled lizards (D:1)
  A kobold (D:2)
  4 rats (D:1)
39 creatures vanquished.

Notes
Turn   | Place    | Note
-------+----------+-------------------------------------------
     0 | D:1      | javelincjr the Demonspawn Shapeshifter began the quest for
                  | the Orb.
     0 | D:1      | Reached XP level 1. HP: 15/15 MP: 1/1
   277 | D:1      | Gained mutation: You may rarely emit foul miasma when
                  | damaged in melee. [demonic ancestry]
   277 | D:1      | Reached XP level 2. HP: 21/21 MP: 2/2
   408 | D:1      | Found a faded altar of an unknown god.
   412 | D:1      | Prayed at the altar of an unknown god.
   412 | D:1      | Became a worshipper of the Wu Jian Council
   412 | D:1      | Reached * piety under Wu Jian
   853 | D:2      | HP: 1/33 [poisoned by an adder]
   980 | D:2      | Reached XP level 3. HP: 27/27 MP: 3/3
  1439 | D:2      | Reached XP level 4. HP: 33/33 MP: 4/4
  1495 | D:2      | Reached ** piety under Wu Jian
  2051 | D:2      | Shot with a sling bullet by a gnoll

Illustrated notes

Levels and vault maps discovered:
D:1:      sevenhm_arrival_forest_fort_large_4, layout_basic,
          chequers_ecumenical_altar_grove
D:2:      layout_loops_corners, minmay_misc_feat_roman, hex_medium

Skill      XL: |  1  2  3 |
---------------+----------+-----
Dodging        | 2 |  2.3
Unarmed Combat | 3 |  3.1
Shapeshifting  | 3 |  3.2
Fighting       | 2 |  2.4

Action                     |  1- 3 |  4- 6 || total
---------------------------+-------+-------++-------
  Melee: Spear             |    82 |    24 ||   106
  Throw: Dart              |       |     3 ||     3
    Use: Potion            |     2 |       ||     2
 Armour: Animal skin       |     8 |       ||     8
  Dodge: Dodged            |    37 |    10 ||    47

Table legend: (Time is in decaauts)
 A = Elapsed time spent in this place.
 B = Non-inter-level travel time spent in this place.
 C = Inter-level travel time spent in this place.
 D = Time resting spent in this place.
 E = Time spent auto-exploring this place.
 F = Levels seen in this place.
 G = Mean time per level.
                   A        B        C        D        E       F      G
               +--------+--------+--------+--------+--------+-----+--------+
         Total |   2059 |   2006 |     53 |    180 |   1525 |   2 | 1029.5 |
       Dungeon |   2059 |   2006 |     53 |    180 |   1525 |   2 | 1029.5 |
               +--------+--------+--------+--------+--------+-----+--------+

Top non-repeatable levels by time:
     D:2: 1294 daAuts
     D:1: 765 daAuts
